 Dungeon Crawl Stone Soup version 0.25.1-2-g60ff931 (webtiles) character file.

Game seed: 17392080915273886154

21 2bobheroes the Ruffian (level 2, 0/23 HPs)
             Began as a Draconian Transmuter on July 31, 2020.
             Slain by an adder (4 damage)
             ... on level 3 of the Dungeon.
             The game lasted 00:02:48 (644 turns).

2bobheroes the Ruffian (Draconian Transmuter)        Turns: 644, Time: 00:02:49

Health: 0/23       AC:  4    Str: 12    XL:     2   Next: 65%
Magic:  4/5        EV: 12    Int: 13    God:
Gold:   8          SH:  0    Dex: 11    Spells: 4/5 levels left

rFire    . . .     SeeInvis .     - Unarmed
rCold    . . .     Gourm    .   (no shield)
rNeg     . . .     Faith    .   (armour unavailable)
rPois    .         Spirit   .   (helmet restricted)
rElec    .         Reflect  .   (no cloak)
rCorr    .         Harm     .   (no gloves)
MR       .....                  (no boots)
Stlth    +.........             (no amulet)
HPRegen  0.07/turn              (no ring)
MPRegen  0.09/turn              (no ring)

@: lethally poisoned (0 -> -5), appendage (expiring), lightly drained
A: unfitting armour, horns 2, cold-blooded, AC +4
a: End Transformation


You were on level 3 of the Dungeon.
You were not hungry.
You had grown temporary horns.
You visited 1 branch of the dungeon, and saw 3 of its levels.

You collected 8 gold pieces.

Inventory:

Hand Weapons
 g - a +0 dagger of draining
Missiles
 a - 12 arrows
Scrolls
 e - a scroll of identify {unknown}
 f - a scroll of magic mapping {unknown}
Potions
 b - 2 potions of mutation {unknown}
 h - a potion of degeneration {unknown}
Comestibles
 c - 2 rations
 d - 2 chunks of flesh


   Skills:
 + Level 1.1(0.9) Fighting
 + Level 1.9(1.8) Dodging
 * Level 3.9(3.7) Unarmed Combat
 - Level 2.0(1.8) Spellcasting
 - Level 2.0(1.8) Transmutations


You had 4 spell levels left.
You knew the following spells:

 Your Spells              Type           Power        Failure   Level  Hunger
a - Beastly Appendage     Tmut           #.....       12%         1    ##.....

Your spell library contained the following spells:

 Spells                   Type           Power        Failure   Level  Hunger
 Sticks to Snakes         Tmut           #.......     19%         2    ###....
 Spider Form              Tmut/Pois      #.........   47%         3    ####...
 Ice Form                 Ice/Tmut       #.......     87%         4    #####..
 Blade Hands              Tmut           #.........   98%         5    ######.


Dungeon Overview and Level Annotations

Branches:
Dungeon (3/15)

Altars:


Innate Abilities, Weirdness & Mutations

Your plain brown scales are hard. (AC +4)
You cannot fit into any form of body armour.
You are cold-blooded and may be slowed by cold attacks.
You have a pair of horns on your head.


Message History

You feel sick.
The adder bites you but does no damage. x2
You miss the adder.
The adder is moderately wounded.
The adder completely misses you.
You barely miss the adder. Your headbutt misses the adder.
The adder is moderately wounded.
You feel sick. The adder barely misses you.
You miss the adder.
The adder is moderately wounded.
The adder barely misses you.
You miss the adder.
The adder is moderately wounded.
Your transformation is almost over.
You feel sick. The adder bites you. x2
* * * LOW HITPOINT WARNING * * *
You hit the adder. Your headbutt misses the adder.
Your tail-slap misses the adder.
The adder is heavily wounded.
The adder bites you.
You die...

### #.. #.# #.#
... #.# #b# #S#
#@# ##+## #.#
##...## #.###
##.....## #.#.##
##.......#
#....####.........
#.......'.........
#....####.........
#.#.## ##.......#
#.### ##.....##


You could see an adder and a bat.

Vanquished Creatures
  An ooze (D:2)
  A leopard gecko (D:2)
  3 orcs (D:3)
  2 giant cockroaches
  A goblin (D:3)
  A ball python (D:1)
  2 bats
  2 kobolds (D:1)
  A rat (D:3)
14 creatures vanquished.

Notes
Turn   | Place    | Note
-------+----------+-------------------------------------------
     0 | D:1      | 2bobheroes the Draconian Transmuter began the quest for the
                  | Orb.
     0 | D:1      | Reached XP level 1. HP: 16/16 MP: 3/3
   237 | D:1      | You fall into a shaft and drop 1 floor!
   255 | D:2      | Reached XP level 2. HP: 15/23 MP: 5/5
   644 | D:3      | Slain by an adder

Illustrated notes

Levels and vault maps discovered:
D:1:      psy_arrival_whirlpool, layout_loops_cross, hex_tiny
D:2:      layout_rooms, tso_metal_star, first_ration
D:3:      minmay_inner_zag, layout_loops_corners, nrook_uturn, fountainhead

Action                   || total
-------------------------++-------
Melee: Unarmed           ||    45
       Tailslap          ||     5
       Headbutt          ||     2
       Punch             ||     1
 Cast: Beastly Appendage ||     2
  Use: Scroll            ||     1
Armor: Skin              ||    20
Dodge: Dodged            ||    55
